 Dungeon Crawl Stone Soup version bcrawl-1.40.3b (webtiles) character file.

Game seed: 10973339941228240607

207799 tauben the Poker (level 7, -7/54 HPs)
             Began as a Human Archaeologist on Mar 14, 2024.
             Mangled by a mummy (9 damage)
             ... in an ossuary.
             The game lasted 00:12:59 (3828 turns).

tauben the Poker (Human Archaeologist)              Turns: 3828, Time: 00:12:59

Health: -7/54      AC:  7    Str: 13    XL:     7   Next: 76%
Magic:  7/7        EV: 13    Int: 14    God:
Gold:   144        SH:  6    Dex: 12    Spells: 6/6 levels left

rFire    . . .     GDR:     24% h - +2 glaive (venom)
rCold    . . .     SeeInvis .   (shield currently unavailable)
rNeg     . . .     Gourm    .   c - +1 robe
rPois    .         Faith    .   d - +1 hat
rElec    .         Spirit   .   D - +0 cloak
rCorr    .         Reflect  +   (no gloves)
MR       .....                  j - +1 pair of boots
Stlth    ++........             n - +6 amulet of reflection
HPRegen  0.19/turn              (no ring)
MPRegen  0.10/turn              (no ring)

@: no status effects
A: no striking features
a: no special abilities


You were in an ossuary.
You were hungry.

You visited 1 branch of the dungeon, and saw 4 of its levels.
You also visited: Ossuary.

You collected 144 gold pieces.

Inventory:

Hand Weapons
 b - a +0 blowgun
 h - a +2 glaive of venom (weapon)
Missiles
 f - 6 curare-tipped needles
 k - 77 javelins
 o - 339 sling bullets
 r - 60 poisoned needles
 u - 246 arrows
 z - 14 poisoned tomahawks (quivered)
 B - 213 stones
Armour
 c - a +1 robe (worn)
 d - a +1 hat (worn)
 j - a +1 pair of boots (worn)
 v - a +0 chain mail
 D - a +0 cloak (worn)
Jewellery
 n - a +6 amulet of reflection (around neck)
 y - an uncursed amulet of faith
Wands
 x - a wand of paralysis (9)
Scrolls
 a - 4 scrolls of remove curse
 g - a scroll of blinking {unknown}
 q - a scroll of amnesia {unknown}
 t - a scroll of enchant weapon {unknown}
 w - 2 scrolls of noise {unknown}
 A - a scroll of fear
 C - a scroll of teleportation {unknown}
Potions
 m - 2 potions of brilliance
 p - a potion of flight
Comestibles
 e - 4 rations {!d}


   Skills:
 - Level 4.0 Fighting
   Level 1.1 Maces & Flails
 + Level 6.7 Polearms
 - Level 4.0 Dodging
 - Level 4.0 Stealth


You had 6 spell levels left.
You didn't know any spells.
Your spell library contained the following spells:

 Spells                   Type           Power        Failure   Level  Hunger
 Apportation              Tloc           #.....       28%         1    None
 Corona                   Hex            #......      28%         1    None
 Infusion                 Chrm           #.......     28%         1    None
 Sandblast                Erth           #.....       28%         1    None
 Slow                     Hex            #.......     28%         1    None
 Summon Butterflies       Summ           #.......     28%         1    None


Dungeon Overview and Level Annotations

Branches:
Dungeon (4/12)
 Temple: D:4-7

Altars:
Elyvilon
Fedhas
Gozag
Yredelemnul

Annotations:
D:3 3 runed translucent doors, rumpelstilzz's ghost, amateur OpVM; rumpelstilzz's ghost, weakling TrWr


Message History

The mummy hits you.
* * * LOW HITPOINT WARNING * * *
You hit the mummy.
The mummy is lightly damaged.
The mummy hits you.
* * * LOW HITPOINT WARNING * * *
You hit the mummy but do no damage.
The mummy is lightly damaged.
You closely miss the mummy.
The mummy is lightly damaged.
The mummy hits you.
* * * LOW HITPOINT WARNING * * *
You barely miss the mummy.
The mummy is lightly damaged.
The mummy hits you!
* * * LOW HITPOINT WARNING * * *
You hit the mummy.
The mummy is moderately damaged.
The mummy hits you!
You die...

#####
##...##
#.....#
##.....##
#.......#
#..@M...#
#...∩...#
#.......#
#...∩...#
#^....^^#
#.....^^#
##.^^..##
+..^^^+
#^^...#


You could see a mummy.

Vanquished Creatures
  A sky beast (D:3)
  An ogre (D:4)
  A centaur (D:3)
  A scorpion (D:2)
  An orc priest (D:3)
  A bullfrog skeleton (D:4)
  3 orc wizards
  A gnoll shaman (D:3)
  A worker ant (D:4)
  2 mummies (Ossuary)
  3 adders
  An ooze (D:1)
  3 worms
  3 dart slugs
  4 leopard geckos
  18 orcs
  2 giant cockroaches
  6 hobgoblins
  5 jackals
  5 kobolds
  3 quokkas
  6 bats
  5 frilled lizards
  4 rats
81 creatures vanquished.

Vanquished Creatures (others)
  2 fungi (D:3)
2 creatures vanquished.

Grand Total: 83 creatures vanquished

Notes
Turn   | Place    | Note
-------+----------+-------------------------------------------
     0 | D:1      | tauben the Human Archaeologist began the quest for the Orb.
     0 | D:1      | Reached XP level 1. HP: 15/15 MP: 1/1
   122 | D:1      | Reached XP level 2. HP: 4/21 MP: 2/2
   126 | D:1      | HP: 1/21 [jackal (1)]
   797 | D:1      | Reached XP level 3. HP: 25/26 MP: 3/3
  1818 | D:2      | Found a faded altar of an unknown god.
  1854 | D:2      | Reached XP level 4. HP: 28/34 MP: 4/4
  2036 | D:3      | Found a runed translucent gate.
  2036 | D:3      | Found a runed translucent gate.
  2036 | D:3      | Found a runed translucent gate.
  2037 | D:3      | Noticed rumpelstilzz's ghost (weakling TrWr)
  2038 | D:3      | Noticed rumpelstilzz's ghost (amateur OpVM)
  2232 | D:3      | Reached XP level 5. HP: 38/42 MP: 5/5
  2232 | D:3      | Identified a scroll of acquirement
  2238 | D:3      | Identified the ring "Inien" {+Fly rC+} (You acquired it on
                  | level 3 of the Dungeon)
  2456 | D:3      | Reached skill level 1 in Polearms
  2522 | D:3      | Reached skill level 2 in Polearms
  2538 | D:3      | Reached XP level 6. HP: 32/48 MP: 6/6
  2542 | D:3      | Reached skill level 3 in Polearms
  2656 | D:3      | Found a basalt altar of Yredelemnul.
  2656 | D:3      | Found a faded altar of an unknown god.
  2668 | D:3      | Found a blossoming altar of Fedhas.
  2670 | D:3      | Found a white marble altar of Elyvilon.
  2672 | D:3      | Found an opulent altar of Gozag.
  2735 | D:3      | Noticed a sky beast
  2762 | D:3      | Killed a sky beast
  2763 | D:3      | Reached skill level 4 in Polearms
  2771 | D:2      | Reached skill level 5 in Polearms
  2771 | D:2      | Reached XP level 7. HP: 14/54 MP: 7/7
  3667 | D:4      | Reached skill level 6 in Polearms
  3799 | D:4      | Found a sand-covered staircase.
  3806 | Ossuary  | Entered an ossuary
  3827 | Ossuary  | HP: 2/54 [mummy (7)]
  3828 | Ossuary  | Mangled by a mummy

Skill      XL: |  1  2  3  4  5  6  7 |
---------------+----------------------+-----
Stealth        | 4 |  4.0
Dodging        | 4 |  4.0
Fighting       | 2 3 4 |  4.0
Polearms       | 2 5 6 |  6.7
Maces & Flails | |  1.1

Action                   |  1- 3 |  4- 6 |  7- 9 || total
-------------------------+-------+-------+-------++-------
Melee: Dagger            |   192 |   186 |    11 ||   389
       Whip              |    13 |       |       ||    13
       Glaive            |       |       |    42 ||    42
Throw: Tomahawk          |       |    27 |    34 ||    61
  Use: Scroll            |     2 |     3 |     2 ||     7
       Potion            |       |     2 |     2 ||     4
 Stab: Sleeping          |     7 |     2 |     1 ||    10
  Eat: Chunk             |     7 |     6 |     5 ||    18
       Ration            |       |     1 |       ||     1
Armor: Robe              |    55 |    52 |     8 ||   115
       Chain mail        |     5 |       |       ||     5
Dodge: Dodged            |   134 |   110 |    33 ||   277
Block: Other             |    21 |    53 |    23 ||    97
       Reflection        |       |     1 |       ||     1
